 Dungeon Crawl Stone Soup version 0.20.1-1-g8b1a95d (webtiles) character file.

2526 Lanoc the Covert (level 9, 0/49 HPs)
             Began as a Felid Chaos Knight on Dec 11, 2017.
             Succumbed to a naga's splash of poison
             ... on level 11 of the Dungeon.
             The game lasted 01:00:08 (11470 turns).

Lanoc the Covert (Felid Chaos Knight)              Turns: 11470, Time: 01:00:08

Health: 0/49       AC:  2    Str:  8    XL:     9   Next: 29%
Magic:  13/13      EV: 28    Int: 14    God:    Xom [.*....]
Gold:   3493       SH:  0    Dex: 19    Spells: 5/8 levels left
                                        Lives:  0   Deaths: 3

rFire    . . .     SeeInvis +     - Unarmed
rCold    . . .     Gourm    .   (shield unavailable)
rNeg     . . .     Faith    .   (armour unavailable)
rPois    .         Spirit   .   (helmet unavailable)
rElec    .         Reflect  .   (cloak unavailable)
rCorr    +         Harm     .   (gloves unavailable)
MR       +....                  (boots unavailable)
Stlth    ++++++....             (no amulet)
Regen    0.2/turn               m - ring of resist corrosion
MPRegen  0.2/turn               (no ring)

@: lethally poisoned (0 -> -4), studying Hexes, quick
A: no armour, no weapons or thrown items, stealth, claws 1, fangs 3, see
invisible, carnivore 3, speed 1, robust 1, shaggy fur 2, slow metabolism 1, wild
magic 1, MP-powered wands, sharp paws
a: Renounce Religion


You were on level 11 of the Dungeon.
You worshipped Xom.
You were a plaything of Xom.
You were completely stuffed.

You visited 2 branches of the dungeon, and saw 12 of its levels.

You collected 3493 gold pieces.

Inventory:

Jewellery
 m - a ring of resist corrosion (left paw)
Wands
 b - a wand of disintegration (3/24)
 l - a wand of iceblast (7/15)
 o - a wand of acid (4/15)
 u - a wand of random effects (11/48)
 w - a wand of polymorph (11/24)
 x - a wand of flame (22/48)
 z - a wand of acid (6/15)
Scrolls
 g - 4 scrolls of identify
 h - 4 scrolls of teleportation
 i - a scroll of blinking
 k - 2 scrolls of fear
 p - 3 scrolls of amnesia
 q - a scroll of fog
 r - a scroll of magic mapping
 s - 4 scrolls of remove curse
Potions
 c - a potion of might
 d - 2 potions of agility
 e - a potion of magic
 j - 5 potions of flight
 n - a potion of cancellation
Books
 t - a manual of Hexes
 v - a book of Changes

   Spells                             Type                      Level
   a - Beastly Appendage              Transmutation                1
   b - Sticks to Snakes               Transmutation                2
   c - Spider Form                    Transmutation/Poison         3
   d - Ice Form                       Ice/Transmutation            4
   e - Blade Hands                    Transmutation                5
 y - a book of Minor Magic

   Spells                             Type                      Level
   a - Magic Dart                     Conjuration                  1
   b - Blink                          Translocation                2
   c - Call Imp                       Summoning                    2
   d - Slow                           Hexes                        2
   e - Conjure Flame                  Conjuration/Fire             3
   f - Mephitic Cloud                 Conjuration/Poison/Air       3
Comestibles
 a - 7 meat rations
 f - 3 royal jellies
 A - 3 chunks of flesh


   Skills:
 + Level 8.7 Fighting
 + Level 10.6 Dodging
 + Level 11.8 Stealth
 + Level 8.8 Unarmed Combat
 + Level 2.3 Hexes
 + Level 5.3 Translocations
 + Level 0.9 Transmutations
 + Level 4.5 Evocations


You had 5 spell levels left.
You knew the following spells:

 Your Spells              Type           Power        Failure   Level  Hunger
a - Blink                 Tloc           N/A          8%          2    ###....
b - Beastly Appendage     Tmut           #.....       28%         1    ##.....


Dungeon Overview and Level Annotations

Branches:
Dungeon (11/15)            Temple (1/1) D:6
   Lair: D:8-11         Orc: D:9-12

Altars:
Ashenzari
Cheibriados
Dithmenos
Elyvilon
Fedhas
Gozag
Hepliaklqana
Kikubaaqudgha
Makhleb
Nemelex Xobeh
Okawaru
Qazlal
Ru
Sif Muna
Trog
Uskayaw
Vehumet
Xom
Zin
The Shining One

Shops:
D:5 ?[:}

Annotations:
D:3 Kingsmith's ghost, amateur FoFi
D:10 soepske's ghost, journeyman DsAK


Innate Abilities, Weirdness & Mutations

You cannot wear armour.
You are incapable of wielding weapons or throwing items.
Your paws allow you to move quietly. (Stealth)
You have sharp claws.
You have razor-sharp teeth.
You have supernaturally acute eyesight. (SInv)
You are carnivorous and can eat meat at any time.
You cover ground quickly.
You are covered in thick fur. (AC +2)
You have a slow metabolism.
Your sharp claws are effective at attacking unaware monsters.
You are robust. (+10% HP)
Your spells are a little harder to cast, but a little more powerful.
You expend magic power (3 MP) to strengthen your wands.


Message History

You scratch the troll.
The troll is lightly wounded.
The troll completely misses you. The troll claws you.
* * * LOW HITPOINT WARNING * * *
The troll claws you but does no damage.
You scratch the troll. Your bite misses the troll.
The troll is lightly wounded.
The troll misses you. x3
You claw the troll! You bite the troll, but do no damage.
The troll is moderately wounded.
The troll closely misses you. The troll claws you!
* * * LOW HITPOINT WARNING * * *
The troll completely misses you. The naga spits poison at you.
The splash of poison hits you!
You are poisoned.
* * * LOW HITPOINT WARNING * * *
You feel magically purged.
You die...
Xom is highly amused!

.#.#[# #......)..# #.# .#.#.#
#####.##### .C# ...#.# #.#
### ...#.## #.# ......######
#.# #..........######.#
...##.####÷.......#
.÷.........#####..# .
........#...####@.##....
........................
.T..T..........T.....N.. ..#
.#####.?..........#..#.. ...
T.#.#.#.#.#.#.#.#.#..# # #.
...#.#.#.#.#.#.#.##..# ! #
..#.#.#.#.#.#.#.#.# ## .. #.
#
...#.#.#.#.#.#.#>#######.#..
[..#
...+#.#.#>#.#$#.#.#...$......
...


You could see a troll and a naga.

Vanquished Creatures
  A two-headed ogre (D:9)
  The ghost of Statics the Martial Artist, a novice OpFi of Cheibriados (D:8)
  The ghost of Sayu92 the Summoner, a novice BaSu of Sif Muna (D:5)
  2 hippogriffs
  A basilisk (D:11)
  7 yaks
  A hungry ghost (D:9)
  Edmund (D:6)
  A porcupine (D:11)
  4 sky beasts
  A hornet zombie (D:8)
  An ice beast (D:11)
  5 orc warriors
  A black bear (D:10)
  2 phantoms
  A necrophage (D:7)
  7 ogres
  3 centaurs
  Blork the orc (D:6)
  5 bullfrogs
  A big kobold (D:8)
  5 scorpions
  5 wights
  4 killer bees
  2 electric eels (D:8)
  4 crimson imps
  A bullfrog zombie (D:6)
  A centaur zombie (D:8)
  2 hounds
  3 orc priests
  3 jellies
  A jelly (shapeshifter) (D:9)
  3 orc wizards
  7 iguanas
  2 bullfrog skeletons
  6 worker ants
  A hound skeleton (D:7)
  3 gnolls (D:9)
  7 adders
  4 shadow imps
  2 oozes
  2 adder skeletons
  A worm (shapeshifter) (D:9)
  A dart slug (D:1)
  5 worms
  5 leopard geckos
  24 orcs
  4 giant cockroaches
  5 goblins
  6 hobgoblins
  4 jackals (D:6)
  5 quokkas
  2 ball pythons (D:2)
  5 bats
  5 frilled lizards
  2 jackal skeletons
  4 kobolds
  6 rats
200 creatures vanquished.

Vanquished Creatures (collateral kills)
  A two-headed ogre (D:8)
  Pikel (D:9)
  5 yaks
  A slave (D:9)
  2 scorpions
  A crimson imp (D:7)
  A quasit (D:7)
  A quokka zombie (D:7)
  A fungus (D:11)
  A plant (D:11)
15 creatures vanquished.

Vanquished Creatures (others)
  5 killer bees
  4 wights (D:8)
  10 fungi (D:11)
  8 plants
27 creatures vanquished.

Grand Total: 242 creatures vanquished

Notes
Turn   | Place    | Note
-------+----------+-------------------------------------------
     0 | D:1      | Lanoc the Felid Chaos Knight began the quest for the Orb.
     0 | D:1      | Reached XP level 1. HP: 10/10 MP: 2/2
    37 | D:1      | Reached skill level 1 in Stealth
   102 | D:1      | XOM: harmless Tmut miscast
   134 | D:1      | Reached XP level 2. HP: 13/14 MP: 3/3
   297 | D:1      | XOM: divination: detect creatures
   297 | D:1      | XOM: butterfly on damage
   638 | D:1      | XOM: confuse monster(s)
   719 | D:1      | XOM: cast spell 'Metabolic Englaciation'
   840 | D:1      | Reached XP level 3. HP: 13/17 MP: 4/4
  1128 | D:2      | Found a blossoming altar of Fedhas.
  1155 | D:2      | XOM: 1-stop teleportation journey
  1273 | D:2      | Reached skill level 2 in Stealth
  1525 | D:2      | XOM: give mutations
  1525 | D:2      | Gained mutation: Your body sometimes deteriorates upon taking damage. [Xom's mischief]
  1555 | D:2      | XOM: butterfly on damage
  1567 | D:2      | Reached XP level 4. HP: 20/21 MP: 5/5
  1719 | D:2      | Lost mutation: Your body sometimes deteriorates upon taking damage. [potion of mutation]
  1719 | D:2      | Gained mutation: You are agile. (Dex +2) [potion of mutation]
  1719 | D:2      | Gained mutation: Your muscles are strong. (Str +2) [potion of mutation]
  1775 | D:3      | Noticed Kingsmith's ghost (amateur FoFi)
  1781 | D:3      | XOM: potion effect (invisibility)
  1783 | D:3      | XOM: mild Chrm miscast
  1785 | D:3      | XOM: polymorph kobold -> frilled lizard
  1806 | D:3      | Found a stormy altar of Qazlal.
  1807 | D:3      | Noticed an air elemental
  1809 | D:3      | Noticed an earth elemental
  1809 | D:3      | Noticed a fire elemental
  1809 | D:3      | Noticed a water elemental
  1828 | D:3      | Found a faded altar of an unknown god.
  2084 | D:2      | XOM: mild Erth miscast
  2370 | D:3      | XOM is BORED!
  2370 | D:3      | XOM: stat loss: -1 Str (9/10)
  2459 | D:4      | Reached skill level 3 in Stealth
  2855 | D:4      | Got a crude crystal amulet
  2856 | D:4      | Identified the amulet of Anunall {Harm *Drain *Slow rF+ Str+3} (You found it on level 4 of the Dungeon)
  2980 | D:4      | XOM: medium Tmut miscast
  3147 | D:4      | Noticed an ogre
  3154 | D:4      | XOM: butterfly on damage
  3159 | D:4      | Killed an ogre
  3159 | D:4      | Reached XP level 5. HP: 4/25 MP: 6/6
  3310 | D:4      | XOM: summons 4 hostile shadow creatures
  3387 | D:4      | Reached skill level 5 in Dodging
  3557 | D:5      | Entered Level 5 of the Dungeon
  3581 | D:5      | Noticed Sayu92's ghost (novice BaSu)
  3583 | D:5      | Noticed an ice beast
  3589 | D:5      | XOM: divination: detect items
  3591 | D:5      | Noticed an ice beast
  3676 | D:5      | Found Cytten's Book Shoppe.
  3676 | D:5      | Noticed a centaur
  3683 | D:5      | Killed a centaur
  3683 | D:5      | Reached skill level 4 in Stealth
  3683 | D:5      | Gained mutation: You are covered in thick fur. (AC +2) [Felid growth]
  3683 | D:5      | Reached XP level 6. HP: 29/29 MP: 7/7
  3734 | D:5      | Noticed an orc warrior
  3930 | D:4      | XOM: noise
  4018 | D:5      | Noticed an ice beast
  4024 | D:5      | Killed Sayu92's ghost
  4024 | D:5      | Reached skill level 5 in Stealth
  4024 | D:5      | Reached skill level 5 in Unarmed Combat
  4024 | D:5      | Reached XP level 7. HP: 20/33 MP: 8/8
  4096 | D:5      | XOM: mild Necr miscast
  4143 | D:5      | Reached skill level 5 in Fighting
  4262 | D:5      | HP: 1/33 [orc/whip (7)]
  4291 | D:5      | Found Tohyasme's Gadget Boutique.
  4464 | D:5      | Found Aniopuz's Magic Scroll Shop.
  4503 | D:5      | Found Xurr's Antique Armour Shoppe.
  4655 | D:5      | XOM: confusion (+ monsters)
  4669 | D:5      | Reached skill level 6 in Stealth
  4727 | D:6      | XOM: confuse monster(s)
  4742 | D:6      | Reached XP level 8. HP: 32/37 MP: 9/9
  4858 | D:6      | XOM: god gift: blowgun {god gift}
  4901 | D:6      | Found a snail-covered altar of Cheibriados.
  4999 | D:6      | Found a staircase to the Ecumenical Temple.
  5003 | D:6      | Noticed Blork the orc
  5004 | D:6      | XOM: confuse monster(s)
  5010 | D:6      | XOM: divination: magic mapping
  5033 | D:6      | Noticed Edmund
  5037 | D:6      | Killed Edmund
  5037 | D:6      | Reached skill level 7 in Stealth
  5149 | D:6      | XOM: medium Tmut miscast
  5173 | D:6      | Gained mutation: You occasionally shout uncontrollably at your foes. [mutagenic glow]
  5201 | D:6      | XOM: harmless Conj miscast
  5256 | D:6      | XOM: summons 4 friendly demons
  5260 | D:6      | Killed Blork the orc
  5305 | Temple   | Entered the Ecumenical Temple
  5542 | D:6      | Found a hazy altar of Hepliaklqana.
  5542 | D:6      | Found a glowing silver altar of Zin.
  5608 | D:6      | XOM: scenery: 1 doors close
  5790 | D:7      | XOM: confuse monster(s)
  5889 | D:7      | Reached skill level 8 in Stealth
  6079 | D:7      | XOM: enchant monster (good)
  6108 | D:7      | Reached XP level 9. HP: 27/42 MP: 10/10
  6219 | D:7      | XOM: summons friendly iron imp
  6255 | D:7      | XOM: god gift: 2800 gold pieces
  6337 | D:7      | Reached skill level 9 in Stealth
  6408 | D:8      | Found a transporter.
  6419 | D:8      | Noticed Statics's ghost (novice OpFi)
  6428 | D:8      | XOM: cast spell 'Death Channel'
  6431 | D:8      | Noticed a two-headed hydra
  6431 | D:8      | XOM: summons 2 friendly demons
  6438 | D:8      | Found a sparkling altar of Nemelex Xobeh.
  6438 | D:8      | Found a transporter.
  6468 | D:8      | XOM: enchant monster (good)
  6583 | D:8      | Noticed a two-headed ogre
  6878 | D:8      | XOM: confuse monster(s)
  6906 | D:8      | XOM: summons friendly quasit
  6914 | D:8      | Killed Statics's ghost
  6914 | D:8      | Reached skill level 10 in Stealth
  7038 | D:8      | XOM: 1-stop teleportation journey
  7071 | D:8      | XOM: scenery: 1 doors open
  7079 | D:8      | XOM: cast spell 'Leda's Liquefaction'
  7104 | D:8      | XOM: fake destruction
  7130 | D:8      | XOM: summons 9 friendly demons
  7133 | D:8      | Killed a two-headed ogre
  7133 | D:8      | Reached skill level 1 in Evocations
  7175 | D:8      | XOM: scenery: 1 doors close
  7182 | D:8      | XOM: cleaving
  7189 | D:8      | Killed from afar by an electric eel
  7190 | D:8      | Reached XP level 8. HP: -6/40 MP: 9/9
  7236 | D:8      | XOM: enchant monster (good)
  7237 | D:8      | Reached XP level 9. HP: 22/44 MP: 10/10
  7264 | D:8      | XOM: god gift: 6 needles of sleeping
  7322 | D:8      | XOM: divine lightning
  7395 | D:8      | XOM: god gift: 7 tomahawks of returning
  7516 | D:8      | XOM: god gift: weird smoking staff {god gift}
  7625 | D:8      | XOM: scenery: create altars
  7638 | D:8      | XOM: scenery: create altars
  7643 | D:8      | XOM: cast spell 'Statue Form'
  7651 | D:8      | XOM: destruction
  7723 | D:8      | XOM: cloud trail
  7744 | D:9      | XOM: scenery: create altars
  7786 | D:9      | XOM: 7-stop teleportation journey
  7867 | D:9      | XOM: 1-stop teleportation journey
  7878 | D:9      | Learned a level 2 spell: Blink
  7881 | D:9      | Noticed a two-headed ogre
  7887 | D:9      | XOM: god gift: encrusted hunting sling {god gift}
  7892 | D:9      | XOM: confuse monster(s)
  7958 | D:9      | Killed a two-headed ogre
  8018 | D:9      | XOM: confuse monster(s)
  8027 | D:9      | XOM: destruction
  8259 | D:9      | XOM: 5-stop teleportation journey
  8376 | D:9      | XOM: god gift: scroll of teleportation
  8415 | D:9      | XOM: fog
  8431 | D:9      | XOM: 1-stop teleportation journey
  8537 | D:9      | XOM: cloud trail
  8588 | D:9      | XOM: enchant monster (bad)
  8599 | D:9      | XOM: fog
  8612 | D:9      | XOM: scenery: create altars
  8693 | D:9      | Reached skill level 10 in Dodging
  8693 | D:9      | Reached skill level 11 in Stealth
  8723 | D:9      | Noticed Pikel
  8741 | D:9      | XOM: divination: detect creatures
  8762 | D:9      | XOM: summons friendly white imp
  8791 | D:9      | Killed Pikel
  8791 | D:9      | Reached XP level 10. HP: 32/48 MP: 13/13
  8817 | D:9      | XOM: 4-stop teleportation journey
  8854 | D:9      | XOM: mild Pois miscast
  9128 | D:10     | Entered Level 10 of the Dungeon
  9208 | D:10     | Noticed soepske's ghost (journeyman DsAK)
  9311 | D:10     | HP: 1/48 [yak (13)]
  9311 | D:10     | XOM: butterfly on damage
  9678 | D:10     | XOM: polymorph wyvern -> ogre
  9752 | D:10     | Lost mutation: You are agile. (Dex +2) [mutagenic meat]
  9755 | D:10     | Gained mutation: You passively map a small area around you. [mutagenic meat]
  9756 | D:10     | Gained mutation: Your spells are a little easier to cast, but a little less powerful. [mutagenic meat]
  9775 | D:10     | XOM: scenery: create altars
  9780 | D:10     | XOM: cast spell 'Metabolic Englaciation'
  9857 | D:9      | Lost mutation: You passively map a small area around you. [potion of mutation]
  9857 | D:9      | Lost mutation: Your spells are a little easier to cast, but a little less powerful. [potion of mutation]
  9857 | D:9      | Lost mutation: You occasionally shout uncontrollably at your foes. [potion of mutation]
  9857 | D:9      | Lost mutation: Your muscles are strong. (Str +2) [potion of mutation]
  9857 | D:9      | Gained mutation: You expend magic power (3 MP) to strengthen your wands. [potion of mutation]
  9857 | D:9      | Gained mutation: Your spells are a little harder to cast, but a little more powerful. [potion of mutation]
 10121 | D:10     | XOM: cast spell 'Shadow Creatures'
 10123 | D:10     | XOM: divination: detect items
 10126 | D:10     | XOM: butterfly on damage
 10129 | D:10     | XOM: cleaving
 10136 | D:10     | XOM: cleaving
 10140 | D:10     | XOM: cleaving
 10142 | D:10     | XOM: fog
 10180 | D:10     | XOM: confuse monster(s)
 10186 | D:10     | XOM: fake destruction
 10192 | D:10     | XOM: give mutation
 10192 | D:10     | Gained mutation: You are robust. (+10% HP) [Xom's grace]
 10192 | D:10     | Slain by a yak
 10193 | D:10     | Reached XP level 9. HP: -4/49 MP: 13/13
 10232 | D:10     | XOM: draining
 10269 | D:10     | XOM: harmless Hex miscast
 10472 | D:10     | Identified a scroll of acquirement
 10571 | D:10     | XOM: summons 2 friendly demons
 10576 | D:10     | XOM: summons friendly white imp
 10592 | D:10     | XOM: polymorph white imp -> quasit
 10811 | D:11     | Noticed a cyclops
 10815 | D:11     | XOM: 1-stop teleportation journey
 10824 | D:11     | Reached skill level 5 in Translocations
 10953 | D:11     | Noticed a troll
 10968 | D:11     | XOM: cast spell 'Summon Butterflies'
 10972 | D:11     | Reached skill level 1 in Hexes
 10979 | D:11     | XOM: summons 3 friendly demons
 10984 | D:11     | XOM: potion effect (berserk rage)
 11025 | D:11     | XOM: summons 3 friendly demons
 11049 | D:11     | XOM: enchant monster (good)
 11152 | D:11     | XOM: 1-stop teleportation journey
 11170 | D:11     | Learned a level 1 spell: Beastly Appendage
 11183 | D:11     | XOM: noise
 11185 | D:11     | XOM: polymorph bullfrog -> naga
 11187 | D:11     | XOM: butterfly on damage
 11193 | D:11     | Mangled by a troll
 11194 | D:11     | Reached XP level 8. HP: -9/45 MP: 12/12
 11202 | D:11     | XOM: harmless Hex miscast
 11214 | D:11     | XOM: swap monsters
 11216 | D:11     | Reached XP level 9. HP: 49/49 MP: 13/13
 11242 | D:11     | XOM: summons friendly ufetubus
 11251 | D:11     | XOM: summons 9 friendly demons
 11291 | D:11     | XOM: cleaving
 11314 | D:11     | XOM: summons friendly quasit
 11465 | D:11     | XOM: noise
 11469 | D:11     | HP: 1/49 [naga/splash of poison (4)]
 11470 | D:11     | Succumbed to a naga's splash of poison

Skill      XL: |  1  2  3  4  5  6  7  8  9 10 |
---------------+-------------------------------+-----
Stealth        | 1 2 3 4 5 6 8 11 | 11.8
Dodging        | 4 5 6 8 10 | 10.6
Fighting       | 4 5 6 8 |  8.7
Unarmed Combat | 4 5 6 8 |  8.8
Evocations     | 3 4 |  4.5
Translocations | 5 4 |  5.3
Hexes          | 2 |  2.3
Transmutations | |  0.9

Action                   |  1- 3 |  4- 6 |  7- 9 | 10-12 || total
-------------------------+-------+-------+-------+-------++-------
Melee: Unarmed           |   106 |    67 |   566 |   113 ||   852
       Bite              |     9 |     7 |    79 |    18 ||   113
       Punch             |       |     2 |    17 |     9 ||    28
Evoke: Wand              |       |       |    11 |     4 ||    15
  Use: Scroll            |     5 |     3 |    11 |       ||    19
       Potion            |     1 |     9 |     5 |     2 ||    17
 Stab: Sleeping          |     8 |     4 |    22 |     1 ||    35
       Distracted        |       |     1 |     4 |       ||     5
       Confused          |       |       |     5 |       ||     5
       Paralysed         |       |       |     1 |       ||     1
  Eat: Chunk             |     8 |     5 |    22 |     6 ||    41
Armor: Skin              |     1 |     2 |    22 |     4 ||    29
Dodge: Dodged            |    64 |    45 |   453 |    89 ||   651
